 Dungeon Crawl Stone Soup version 0.29-a0-96-g93358da72b (webtiles) character file.

Game seed: 15958795567219742546

4541 esteth the Thaumaturge (level 10, 0/50 HPs)
             Began as a Deep Elf Conjurer on Feb 8, 2022.
             Was a Believer of Vehumet.
             Killed by the air
             ... invoked by Gastronok
              (26 damage)
             ... on level 8 of the Dungeon on Feb 11, 2022.
             The game lasted 00:22:11 (9849 turns).

esteth the Thaumaturge (Deep Elf Conjurer)          Turns: 9849, Time: 00:22:12

Health: 0/50       AC:  6    Str:  4    XL:     10   Next: 17%
Magic:  2/29       EV: 27    Int: 28    God:    Vehumet [**....]
Gold:   401        SH:  0    Dex: 13    Spells: 27/36 levels left

rFire   . . .      SeeInvis .   n - +5 dagger
rCold   . . .      Faith    .   (no shield)
rNeg    . . .      Spirit   .   x - +0 steam dragon scales
rPois   .          Reflect  .   (no helmet)
rElec   .          Harm     .   (no cloak)
rCorr   .          Rampage  .   j - +0 pair of gloves
Will    ++...                   (no boots)
Stlth   ++........              A - amulet of the acrobat
HPRegen 0.16/turn               G - ring of willpower
MPRegen 0.21/turn               (no ring)

@: acrobatic
A: no striking features
a: Renounce Religion


You were on level 8 of the Dungeon.
You worshipped Vehumet.
Vehumet was pleased with you.
You visited 2 branches of the dungeon, and saw 9 of its levels.
You also visited: Sewer.

You collected 401 gold pieces.


   Skills:
 - Level 2.4 Dodging
 - Level 2.4 Stealth
 + Level 13.7 Spellcasting
 + Level 6.6 Conjurations
 - Level 12.4 Hexes


You had 27 spell levels left.
You knew the following spells:

 Your Spells              Type           Power      Damage    Failure   Level
f - Fulminant Prism       Conj/Hex       32%        3d16      1%          4
i - Iskenderun's Mystic   Conj/Tloc      37%        2d9       7%          4
m - Magic Dart            Conj           100%       1d8       1%          1

Your spell library contained the following spells:

 Spells                   Type           Power      Damage    Failure   Level
 Poisonous Vapours        Pois/Air       38%        N/A       4%          2
 Searing Ray              Conj           100%       2d8       1%          2
 Dazzling Flash           Conj/Hex       100%       N/A       1%          3
 Mephitic Cloud           Conj/Pois/Air  31%        N/A       3%          3
 Call Imp                 Summ           19%        N/A       4%          2
 Silence                  Hex/Air        26%        N/A       6%          5
 Agony                    Necr           19%        N/A       58%         5

Inventory:

Hand Weapons
 m - a +0 dagger of electrocution
   (You took it off a kobold on level 4 of the Dungeon)
 n - a +5 dagger (weapon)
   (You took it off an orc on level 4 of the Dungeon)
 q - a +0 dagger of venom
   (You took it off a kobold on level 4 of the Dungeon)
 s - the +11 quarterstaff "Siowol" {antimagic, rPois Str-5 Int+5}
   (You took it off a gnoll sergeant on level 5 of the Dungeon)

   It reduces the magical energy of the wielder, and disrupts the spells and
   magical abilities of those it strikes.
   Natural abilities and divine invocations are not affected.
   Str:       It affects your strength (-5).
   Int:       It affects your intelligence (+5).
   rPois:     It protects you from poison.
Missiles
 c - 61 bolts
 e - 106 arrows
 f - 137 stones
 g - 68 sling bullets
 i - 6 boomerangs
 l - 6 silver boomerangs
 u - 2 poisoned darts
 y - 2 curare-tipped darts {=f}
 J - 4 throwing nets {=f!f}
 K - 3 atropa-tipped darts
Armour
 a - a +0 robe
 j - a +0 pair of gloves (worn)
   (You found it on level 2 of the Dungeon)
 v - the +8 orange crystal plate armour {Archmagi, Int+3 Clar, rare}
   (You found it on level 5 of the Dungeon)

   Int:       It affects your intelligence (+3).
   Clar:      It protects you against confusion.
 x - +0 steam dragon scales (worn)
   (You found it on level 6 of the Dungeon)
Jewellery
 A - an amulet of the acrobat (around neck)
   (You found it on level 3 of the Dungeon)
 C - a ring of ice
   (You found it on level 1 of the Dungeon)
 G - a ring of willpower (left hand)
   (You found it on level 7 of the Dungeon)
Wands
 E - a wand of digging (5)
   (You found it on level 7 of the Dungeon)
 F - a wand of paralysis (13)
   (You found it on level 7 of the Dungeon)
 I - a wand of polymorph (14)
   (You took it off Maggie on level 8 of the Dungeon)
 L - a wand of flame (17)
   (You took it off an orc wizard on level 8 of the Dungeon)
Scrolls
 b - 5 scrolls of identify {unknown}
 h - 2 scrolls of fear {unknown}
 o - a scroll of brand weapon {unknown}
 t - a scroll of noise {unknown}
 z - a scroll of holy word {unknown}
 H - a scroll of summoning {unknown}
Potions
 d - a potion of ambrosia {unknown}
 k - 2 potions of mutation {unknown}
 r - a potion of might {unknown}
 w - 4 potions of flight
 B - 2 potions of attraction {unknown}
 D - a potion of magic {unknown}

Dungeon Overview and Level Annotations

Branches:
Dungeon (8/15)             Temple (1/1) D:5            Lair (0/6) D:8
  Sewer (visited)

Altars:
Ashenzari
Dithmenos
Elyvilon
Fedhas
Gozag
Hepliaklqana
Kikubaaqudgha
Makhleb
Nemelex Xobeh
Okawaru
Qazlal
Ru
Sif Muna
Uskayaw
Vehumet
Wu Jian
Xom
Yredelemnul
The Shining One

Shops:
D:5 (

Portals:
Abyss: D:3

Annotations:
D:3 2 transporters, NotEbe's ghost, amateur TrBe
D:8 2 runed translucent doors, Gastronok

###.######.....###
....#
........#.....## .#.
#...........# ...#
####..#...### .#
##'#####... .#
##.....# ######.#
#.###.# #......#
#...#.#### #..#
###..@.#.######..#
#....###.........#
#####.#w..#r###.>#.w#
#...#.###b#.........#
#._.#.....#.........#
#....#####'.##....#.#
######......##.#.##.#
#.....##w##.####.#
##...###.##.####.#


You could see Gastronok.


Message History

Confirm with . or Enter, or press ? or * to list all spells.
Aiming: Magic Dart (safe; 1% risk of failure)
Press: ? - help, Shift-Dir - straight line, f - Gastronok
Aim: Gastronok, wearing a +2 hat (severely wounded, covering ground quickly, 100% to hit)
The magic dart hits Gastronok but does no damage. 😮 HP[+1]
Casting: Magic Dart (safe; 1% risk of failure)
Confirm with . or Enter, or press ? or * to list all spells.
Aiming: Magic Dart (safe; 1% risk of failure)
Press: ? - help, Shift-Dir - straight line, f/p - Gastronok
Aim: Gastronok, wearing a +2 hat (severely wounded, covering ground quickly, 100% to hit)
The magic dart hits Gastronok. 😮 MP[-1]
You lost 1 mp, and now have 1/29 mp.
You take on a slight green cast. 😮 MP[+1]
You start resting.
Gastronok is nearby! 😮 HP[+2] MP[+1]
You regained 2 hp, and now have 32/50 hp.
Gastronok casts a spell at you. You resist with some effort. 😮 MP[+1]
You wobble. 😮 HP[+1]
Casting: Magic Dart (safe; 1% risk of failure)
Confirm with . or Enter, or press ? or * to list all spells.
Aiming: Fulminant Prism (dangerous; 1% risk of failure)
Press: ? - help, Dir - move target, p - Gastronok You conjure a prism of explosive energy!
A fulminant prism comes into view. 😮 MP[-3]
You lost 3 mp, and now have 1/29 mp.
Your fulminant prism crackles loudly.
The blast of energy engulfs Gastronok!!
Casting: Fulminant Prism (dangerous; 1% risk of failure)
Confirm with . or Enter, or press ? or * to list all spells.
Aiming: Magic Dart (safe; 1% risk of failure)
Press: ? - help, Shift-Dir - straight line, f - Gastronok
Aim: Gastronok, wearing a +2 hat (almost dead, covering ground quickly, 100% to hit)
The magic dart hits Gastronok. 😮 MP[-1]
You lost 1 mp, and now have 0/29 mp.
Gastronok chants a spell, wobbling all the while. 😮 MP[+1] 😮 HP[+1] 😮 MP[+1]
The quokka twitches its whiskers.
Gastronok casts a spell.
There is an open door here. 😮 HP[+1] Gastronok's eyestalks quiver as he mumbles some strange words. 😮 MP[+1]
Casting: Magic Dart (safe; 1% risk of failure)
Confirm with . or Enter, or press ? or * to list all spells.
You don't have enough magic to cast this spell.
Gastronok is no longer moving quickly.
The river rat barely misses you. The river rat bites you.
Gastronok waves his eye-stalks in wide circles.
The air twists around and strikes you!
* * * LOW HITPOINT WARNING * * *
😨 HP[-21]
You take 21 damage, and now have 14/50 hp.
MASSIVE DAMAGE!! (PAUSE) 😨 MP[+1]
Casting: Magic Dart (safe; 1% risk of failure)
Confirm with . or Enter, or press ? or * to list all spells.
Aiming: Fulminant Prism (dangerous; 1% risk of failure)
Press: ? - help, Dir - move target You conjure a prism of explosive energy!
A fulminant prism comes into view.
The bat closely misses you.
The river rat barely misses you. 😨 MP[-4]
You lost 4 mp, and now have 0/29 mp.
You hit the river rat. The bat barely misses you.
The river rat closely misses you.
Your fulminant prism crackles loudly.
You hit the river rat. The bat hits you but does no damage.
The river rat completely misses you.
The blast of energy engulfs the quokka!!
You kill the quokka!
The quokka's corpse disappears in a puff of smoke!
The blast of energy engulfs the bat!!
You kill the bat!
The bat's corpse disappears in a puff of smoke!
The blast of energy engulfs the river rat!!
You kill the river rat!
The river rat's corpse disappears in a puff of smoke! 😨 HP[+1] MP[+1]
You start resting.
Gastronok is nearby! 😨 MP[+1]
You feel better. 😮 HP[+11]
You regained 11 hp, and now have 26/50 hp.
Gastronok waves his eye-stalks in wide circles.
The air twists around and strikes you!!
Ouch! That really hurt!
You die...

Skill      XL: |  1  2  3  4  5  6  7  8  9 |
---------------+----------------------------+-----
Conjurations   | 5 6 |  6.6
Spellcasting   | 4 5 7 8 11 13 | 13.7
Hexes          | 2 3 5 7 10 12 | 12.4
Dodging        | |  2.4
Stealth        | |  2.4

Action                   |  1- 3 |  4- 6 |  7- 9 | 10-12 || total
-------------------------+-------+-------+-------+-------++-------
Melee: Dagger            |    10 |     9 |    35 |     7 ||    61
       Punch             |       |       |     1 |       ||     1
 Cast: Magic Dart        |    98 |    59 |    96 |     7 ||   260
       Fulminant Prism   |       |     7 |    69 |    14 ||    90
       Iskenderun's Myst |       |       |       |     1 ||     1
  Use: Scroll            |     2 |       |       |       ||     2
       Potion            |     1 |       |     1 |     3 ||     5
Armor: Robe              |     5 |     2 |    14 |       ||    21
       Steam dragon scal |       |       |     2 |     4 ||     6
       Skin              |       |       |     1 |       ||     1
Dodge: Dodged            |    12 |    17 |    75 |    19 ||   123

Levels and vault maps discovered:
D:1:      mrwooster_arrival_arrow, layout_basic
D:2:      layout_rooms, minivault_14
D:3:      layout_loops_cross, gammafunk_ghost_abyssal_escape
D:4:      layout_basic
D:5:      layout_cave_pods, temple_statues, serial_shops, nicolae_shop_trees,
          uniq_eustachio
D:6:      layout_basic, gup_sewer_entry_bowl
D:7:      layout_layer_cave, uniq_joseph
D:8:      cheibrodos_histonic, layout_loops_corners, jmf_multi_god_temple2,
          mainiacjoe_overflow_swirl, david_lair_generic,
          hangedman_decor_opposing, uniq_maggie, uniq_gastronok, uniq_erica,
          uniq_harold
Temple:   mainiacjoe_temple_coin_purse

Notes
Turn   | Place    | Note
-------+----------+-------------------------------------------
     0 | D:1      | esteth the Deep Elf Conjurer began the quest for the Orb.
     0 | D:1      | Reached XP level 1. HP: 10/10 MP: 6/6
     0 | D:1      | magus.rc [v1.11.3]
   374 | D:1      | Reached XP level 2. HP: 15/15 MP: 6/8
   783 | D:1      | Reached skill level 5 in Conjurations
  1074 | D:1      | Reached XP level 3. HP: 19/19 MP: 6/10
  1216 | D:1      | Upgraded the game from 0.29-a0-91-gdebf4667c2 to
                  | 0.29-a0-92-gee772dd00f
  1216 | D:1      | magus.rc [v1.11.3]
  1216 | D:1      | Upgraded the game from 0.29-a0-92-gee772dd00f to
                  | 0.29-a0-96-g93358da72b
  1216 | D:1      | magus.rc [v1.11.3]
  1961 | D:2      | Reached skill level 4 in Spellcasting
  2172 | D:3      | You fall into a shaft and drop 1 floor!
  2183 | D:4      | HP: 2/19 [gnoll (4)]
  2202 | D:4      | HP: 1/19 [orc (3)]
  2372 | D:3      | Noticed NotEbe's ghost (amateur TrBe)
  2430 | D:3      | Found a transporter.
  2431 | D:3      | Found a one-way gate to the infinite horrors of the Abyss.
  2464 | D:3      | Noticed a small abomination
  2465 | D:3      | Found a transporter.
  2491 | D:3      | Reached XP level 4. HP: 24/24 MP: 6/12
  2501 | D:3      | Learned a level 4 spell: Fulminant Prism
  2555 | D:3      | Reached skill level 1 in Hexes
  2709 | D:3      | HP: 6/24 [hound (3)]
  2717 | D:3      | Reached skill level 2 in Hexes
  2717 | D:3      | Reached XP level 5. HP: 7/28 MP: 0/14
  3002 | D:3      | Reached skill level 5 in Spellcasting
  3353 | D:4      | Learned a level 4 spell: Iskenderun's Mystic Blast
  3392 | D:4      | Reached skill level 3 in Hexes
  3504 | D:4      | Reached XP level 6. HP: 32/32 MP: 9/16
  3508 | D:4      | Reached skill level 6 in Spellcasting
  3508 | D:4      | Reached skill level 4 in Hexes
  3753 | D:4      | Reached skill level 5 in Hexes
  3790 | D:4      | Reached skill level 7 in Spellcasting
  3920 | D:4      | Reached XP level 7. HP: 36/36 MP: 12/19
  4694 | D:5      | Entered Level 5 of the Dungeon
  4694 | D:5      | Found the +8 orange crystal plate armour {Archmagi, Int+3
                  | Clar}
  4709 | D:5      | Reached skill level 6 in Hexes
  4713 | D:5      | Reached skill level 8 in Spellcasting
  4719 | D:5      | Noticed Eustachio
  4846 | D:5      | Reached skill level 7 in Hexes
  5029 | D:5      | Identified the +11 quarterstaff "Siowol" {antimagic, rPois
                  | Str-5 Int+5}
  5202 | D:5      | Reached XP level 8. HP: 41/41 MP: 15/22
  5290 | D:5      | Reached skill level 9 in Spellcasting
  5616 | D:5      | Found a staircase to the Ecumenical Temple.
  5626 | Temple   | Entered the Ecumenical Temple
  5781 | Temple   | Became a worshipper of Vehumet
  5852 | D:5      | v - the +8 orange crystal plate armour {Archmagi, Int+3
                  | Clar, rare}
  5921 | D:5      | Found Racsoace's Antique Weapon Boutique.
  5956 | D:5      | HP: 7/41 [shadow imp[Eustachio] (4)]
  5965 | D:5      | Killed Eustachio
  5966 | D:5      | Reached skill level 8 in Hexes
  6451 | D:6      | Reached skill level 10 in Spellcasting
  6451 | D:6      | Reached skill level 9 in Hexes
  6701 | D:6      | Found a glowing drain.
  6705 | Sewer    | Entered a sewer
  6842 | Sewer    | Reached * piety under Vehumet
  6842 | Sewer    | Offered knowledge of Sandblast by Vehumet.
  6850 | Sewer    | Reached skill level 10 in Hexes
  7050 | Sewer    | Found a white marble altar of Elyvilon.
  7153 | D:6      | Reached skill level 11 in Spellcasting
  7163 | D:6      | Reached XP level 9. HP: 45/45 MP: 17/26
  7722 | D:7      | Noticed Joseph
  7739 | D:7      | Killed Joseph
  8370 | D:7      | Reached skill level 11 in Hexes
  8553 | D:7      | Reached skill level 12 in Spellcasting
  8920 | D:8      | You pick up a book of the Senses and begin reading...
  8920 | D:8      | You add the spells Agony and Silence to your library.
  8945 | D:8      | Noticed Maggie
  8954 | D:8      | Killed Maggie
  9043 | D:8      | Noticed Harold
  9057 | D:8      | Killed Harold
  9058 | D:8      | Reached skill level 13 in Spellcasting
  9058 | D:8      | Reached skill level 12 in Hexes
  9387 | D:8      | Found a large runed translucent door.
  9388 | D:8      | Found a large runed translucent door.
  9501 | D:8      | Reached skill level 6 in Conjurations
  9501 | D:8      | Reached XP level 10. HP: 50/50 MP: 26/29
  9524 | D:8      | Reached ** piety under Vehumet
  9524 | D:8      | Offered knowledge of Poisonous Vapours by Vehumet.
  9528 | D:8      | HP: 3/50 [orc priest/divine providence (15)]
  9667 | D:8      | Found a staircase to the Lair.
  9673 | D:8      | You pick up a book of Minor Magic and begin reading...
  9673 | D:8      | You add the spells Call Imp and Mephitic Cloud to your
                  | library.
  9731 | D:8      | Found a hazy altar of Hepliaklqana.
  9770 | D:8      | Noticed Gastronok
  9849 | D:8      | Killed from afar by Gastronok

Vanquished Creatures
  Harold (D:8)
  Joseph (D:7)
  Maggie (D:8)
  Eustachio (D:5)
  A steam dragon (D:6)
  A yak (D:8)
  A wyvern (D:8)
  A water moccasin (D:7)
  An orc warrior (D:7)
  2 black bears (D:8)
  3 ice beasts
  A sky beast (D:6)
  A necrophage (D:6)
  An ogre (D:5)
  A centaur (D:8)
  2 phantoms
  2 kobold brigands (Sewer)
  2 bullfrogs
  A gnoll sergeant (D:5)
  A scorpion (D:7)
  2 water moccasin zombies
  5 wights (D:4)
  2 jellies
  A howler monkey (D:8)
  A bullfrog zombie (D:5)
  3 hounds
  6 orc priests
  2 iguanas
  5 orc wizards
  A killer bee zombie (D:6)
  A hound zombie (D:5)
  A hound skeleton (D:5)
  A howler monkey zombie (D:6)
  8 gnolls
  5 adders
  2 river rats (Sewer)
  A shadow imp (D:6)
  A white imp (D:7)
  2 worms
  4 dart slugs
  27 orcs
  3 bats
  7 endoplasms
  3 giant cockroaches
  7 goblins
  4 hobgoblins
  11 jackals
  10 kobolds
  3 quokkas
  6 ball pythons
  2 frilled lizards
  13 rats
176 creatures vanquished.

Vanquished Creatures (others)
  90 fulminant prisms
  A plant (D:8)
91 creatures vanquished.

Grand Total: 267 creatures vanquished

Table legend:
 A = Non-vault XP
 B = Vault XP
 C = Vault XP percentage of total XP
 D = Non-vault monster count
 E = Vault monster count
 F = Vault count percentage of total count
                 A         B        C        D         E       F
            +---------+---------+-------+---------+---------+-------
      Total |    3652 |    2836 |  43.7 |     152 |      24 |  13.6
            +---------+---------+-------+---------+---------+-------
        D:1 |      47 |       0 |   0.0 |      24 |       0 |   0.0
        D:2 |      35 |       0 |   0.0 |      17 |       0 |   0.0
        D:3 |     127 |       0 |   0.0 |      18 |       0 |   0.0
        D:4 |     656 |       0 |   0.0 |      31 |       0 |   0.0
        D:5 |     725 |     211 |  22.5 |      21 |       1 |   4.5
        D:6 |     910 |       4 |   0.4 |      17 |       3 |  15.0
        D:7 |     569 |     466 |  45.0 |       9 |       1 |  10.0
        D:8 |     583 |    1920 |  76.7 |      15 |       6 |  28.6
      Sewer |       0 |     235 | 100.0 |       0 |      13 | 100.0
            +---------+---------+-------+---------+---------+-------

Illustrated notes

Table legend:
 A = Kills in this place as a percentage of kills in entire the game.
 B = Kills by you in this place as a percentage of kills by you in the entire game.
 C = Kills by friends in this place as a percentage of kills by friends in the entire game.
 D = Other kills in this place as a percentage of other kills in the entire game.
 E = Experience gained in this place as a percentage of experience gained in the entire game.
 F = Experience gained in this place divided by the number of levels of this place that you have seen.
                   A       B       C       D       E      F
               +-------+-------+-------+-------+-------+----------------------
         Total | 100.0 | 100.0 |   N/A |   N/A | 100.0 | 648.8
       Dungeon |  92.6 |  92.6 |   N/A |   N/A |  96.4 | 781.6
         Sewer |   7.4 |   7.4 |   N/A |   N/A |   3.6 | 235.0
               +-------+-------+-------+-------+-------+----------------------

Table legend: (Time is in decaauts)
 A = Elapsed time spent in this place.
 B = Non-inter-level travel time spent in this place.
 C = Inter-level travel time spent in this place.
 D = Time resting spent in this place.
 E = Time spent auto-exploring this place.
 F = Levels seen in this place.
 G = Mean time per level.
                   A        B        C        D        E       F      G
               +--------+--------+--------+--------+--------+-----+--------+
         Total |   9892 |   9653 |    239 |   1134 |   7284 |  10 |  989.2 |
       Dungeon |   9299 |   9093 |    206 |   1067 |   6872 |   8 | 1162.4 |
        Temple |    167 |    134 |     33 |      0 |    118 |   1 |  167.0 |
         Sewer |    424 |    424 |      0 |     67 |    293 |   1 |  424.0 |
               +--------+--------+--------+--------+--------+-----+--------+

Top non-repeatable levels by time:
     D:4: 1518 daAuts
     D:5: 1393 daAuts
     D:1: 1373 daAuts
     D:7: 1210 daAuts
     D:3: 1158 daAuts
     D:6: 960 daAuts
     D:8: 933 daAuts
     D:2: 751 daAuts
   Sewer: 424 daAuts
  Temple: 167 daAuts
